 Dungeon Crawl Stone Soup version 0.24.0-123-gd5b16e6ec5 (webtiles) character file.

Game seed: 6891177384021971747, levelgen mode: deterministic

171056 Ponchio the Eclecticist (level 17, 0/101 HPs)
             Began as a Deep Elf Earth Elementalist on Jan 24, 2020.
             Was a High Priest of Vehumet.
             Slain by a spatial maelstrom (15 damage)
             ... on level 3 of the Abyss.
             The game lasted 04:29:28 (36772 turns).

Ponchio the Eclecticist (DEEE)                     Turns: 36772, Time: 04:29:28

Health: 0/101      AC: 11    Str:  3    XL:     17   Next: 13%
Magic:  41/41      EV: 18    Int: 45    God:    Vehumet [*****.]
Gold:   704        SH:  0    Dex: 11    Spells: 15/51 levels left

rFire    + . .     SeeInvis +   Q - +8 hunting sling of Resourcefulness {velocity, -Tele +Inv rC- Int+10}
rCold    . . .     Gourm    .   (no shield)
rNeg     + . .     Faith    .   Z - +1 robe of Theory {*Slow rPois rN+ Int+4}
rPois    +         Spirit   .   j - +1 helmet {SInv}
rElec    +         Reflect  .   c - +1 cloak of Knowledge {Str+2}
rCorr    +         Harm     .   u - +1 pair of gloves
MR       +....     Rnd*Rage +   E - +1 pair of boots {Stlth+} Stlth +++.......NoTele +
                                (no amulet)
HPRegen  0.26/turn              Y - ring of Omeng {*Drain +Blink rCorr Int+3}
MPRegen  0.27/turn              B - ring of magical power

@: resistant, hasted, very quick
A: [berserk 3], [blurry vision 2], [clumsy 2], [low mp 2], [weak 2], [no potion
heal 2]
}: 1/15 runes: abyssal
a: Renounce Religion, Evoke Blink, Evoke Invisibility


You were on level 3 of the Abyss.
You worshipped Vehumet.
Vehumet was extremely pleased with you.
You were very hungry.

You visited 5 branches of the dungeon, and saw 23 of its levels.
You visited the Abyss 1 time.
You visited 1 bazaar.
You also visited: Ossuary and Gauntlet.

You collected 2907 gold pieces.
You spent 2203 gold pieces at shops.

Inventory:

Hand Weapons
 Q - the +8 hunting sling of Resourcefulness (weapon) {velocity, -Tele +Inv rC- Int+10}
   (You found it in a Gauntlet)

   Any stone fired from it inflicts extra damage.
   It affects your intelligence (+10).
   It makes you vulnerable to cold.
   It lets you turn invisible.
   It prevents most forms of teleportation.
Missiles
 H - 274 stones (quivered)
Armour
 c - the +1 cloak of Knowledge (worn) {Str+2}
   (You bought it in a shop on level 2 of the Orcish Mines)

   It affects your strength (+2).
 j - a +1 helmet of see invisible (worn)
 k - a +0 robe of the Archmagi
 u - a +1 pair of gloves (worn)
 E - a +1 pair of boots of stealth (worn)
 G - a +2 robe of cold resistance
 Z - the +1 robe of Theory (worn) {*Slow rPois rN+ Int+4}
   (You found it on level 6 of the Lair of Beasts)

   It affects your intelligence (+4).
   It protects you from poison.
   It protects you from negative energy.
   It may slow you when you take damage.
Magical Staves
 l - an uncursed staff of power
 R - an uncursed staff of earth
Jewellery
 B - a ring of magical power (right hand)
 Y - the ring of Omeng (left hand) {*Drain +Blink rCorr Int+3}
   (You found it on level 5 of the Lair of Beasts)

   [ring of resist corrosion]

   It affects your intelligence (+3).
   It lets you blink.
   It provides partial protection from all sources of acid and corrosion.
   It causes draining when unequipped.
Wands
 n - a wand of random effects (16)
 D - a wand of iceblast (28)
 F - a wand of acid (16)
 M - a wand of digging (5)
Scrolls
 a - 9 scrolls of fog
 o - 9 scrolls of remove curse
 q - 4 scrolls of identify
 r - a scroll of summoning
 s - 7 scrolls of amnesia
 I - 7 scrolls of teleportation
 U - 2 scrolls of fear
Potions
 b - 5 potions of mutation
 e - 3 potions of haste
 f - 2 potions of flight
 g - 13 potions of curing
 i - 5 potions of brilliance
 m - a potion of invisibility
 p - 2 potions of ambrosia
 t - 2 potions of berserk rage
 w - 5 potions of agility
 x - 3 potions of cancellation
 A - 2 potions of might
Comestibles
 d - 32 rations


   Skills:
 - Level 9.7 Fighting
 + Level 12.5 Dodging
 - Level 2.4 Stealth
 + Level 17.6 Spellcasting
 + Level 13.1 Conjurations
 - Level 6.4 Transmutations
 + Level 15.5 Fire Magic
 + Level 14.5 Earth Magic


You had 15 spell levels left.
You knew the following spells:

 Your Spells              Type           Power        Failure   Level  Hunger
a - Sandblast             Erth           ######       0%          1    None
b - Passwall              Tmut/Erth      #######.     0%          2    None
c - Stone Arrow           Conj/Erth      ######       0%          3    None
e - Lee's Rapid Deconstr  Erth           ########..   1%          5    None
f - Fireball              Conj/Fire      ########..   1%          5    None
g - Statue Form           Tmut/Erth      #######..    1%          6    None
h - Ignition              Fire           ########..   1%          8    ##.....
i - Iron Shot             Conj/Erth      ########..   1%          6    None

Your spell library contained the following spells:

 Spells                   Type           Power        Failure   Level  Hunger
 Conjure Ball Lightning   Conj/Air       #######...   1%          6    None
 Flame Tongue             Conj/Fire      #####        0%          1    None
 Magic Dart               Conj           ####         0%          1    None
 Searing Ray              Conj           ######       0%          2    None
 Conjure Flame            Conj/Fire      ########     0%          3    None
 Animate Skeleton         Necr           N/A          1%          1    None
 Apportation              Tloc           #####.       1%          1    None
 Confusing Touch          Hex            #####.       1%          1    None
 Corona                   Hex            #####..      1%          1    None
 Infusion                 Chrm           ####         1%          1    None
 Summon Butterflies       Summ           #####...     1%          1    None
 Summon Small Mammal      Summ           ####         1%          1    None
 Blink                    Tloc           N/A          1%          2    None
 Call Imp                 Summ           #####...     1%          2    None
 Ensorcelled Hibernation  Hex/Ice        #####.       1%          2    None
 Shroud of Golubria       Chrm/Tloc      #####.       1%          2    None
 Slow                     Hex            #####...     1%          2    None
 Song of Slaying          Chrm           #####...     1%          2    None
 Call Canine Familiar     Summ           #####...     1%          3    None
 Dazzling Spray           Conj/Hex       ######       1%          3    None
 Ignite Poison            Fire/Tmut/Pois #######.     1%          3    None
 Inner Flame              Hex/Fire       #######.     1%          3    None
 Lesser Beckoning         Tloc           #####.....   1%          3    None
 Mephitic Cloud           Conj/Pois/Air  ######..     1%          3    None
 Portal Projectile        Hex/Tloc       #####.       1%          3    None
 Regeneration             Chrm/Necr      #####.....   1%          3    None
 Spectral Weapon          Hex/Chrm       #####...     1%          3    None
 Summon Guardian Golem    Hex/Summ       #####...     1%          3    None
 Force Lance              Conj/Tloc      #######.     1%          4    None
 Fulminant Prism          Conj/Hex       #######...   1%          4    None
 Iskenderun's Mystic Bla  Conj           ########     1%          4    None
 Leda's Liquefaction      Hex/Erth       #######...   1%          4    None
 Petrify                  Tmut/Erth      #######.     1%          4    None
 Bolt of Magma            Conj/Fire/Erth ########..   1%          5    None
 Bolt of Fire             Conj/Fire      ########..   1%          6    None
 Cause Fear               Hex            #####.....   6%          4    None
 Summon Ice Beast         Ice/Summ       #####...     6%          4    None
 Summon Lightning Spire   Summ/Air       #####...     6%          4    None
 Summon Mana Viper        Hex/Summ       #####...     16%         5    None
 Ring of Flames           Chrm/Fire      #######...   21%         7    None
 Shatter                  Erth           ########..   36%         9    #####..
 Malign Gateway           Summ/Tloc      #####.....   99%         7    None
 Monstrous Menagerie      Summ           #####.....   99%         7    None
 Summon Greater Demon     Summ           #####.....   99%         7    None
 Summon Hydra             Summ           #####.....   99%         7    None
 Summon Horrible Things   Summ           #####.....   100%        8    ##.....


Dungeon Overview and Level Annotations

Branches:
Dungeon (11/15)            Temple (1/1) D:6            Lair (6/6) D:11
  Swamp (0/4) Lair:3       Spider (0/4) Lair:3        Slime (0/5) Lair:6
    Orc (2/2) D:11            Elf (3/3) Orc:2       Ossuary (visited)
Gauntlet (visited)

Altars:
Ashenzari
Cheibriados
Dithmenos
Elyvilon
Fedhas
Gozag
Hepliaklqana
Kikubaaqudgha
Makhleb
Nemelex Xobeh
Okawaru
Qazlal
Ru
Sif Muna
Trog
Uskayaw
Vehumet
Wu Jian
Xom
Yredelemnul
Zin
The Shining One

Shops:
D:4 :   Orc:2 %}:[   Elf:2 :

Annotations:
Elf:1 6 runed translucent doors


Innate Abilities, Weirdness & Mutations

[You have an uncontrollable temper.]
[Scrolls take you longer to read.]
[You are very clumsy. (Dex -4)]
[Your magical capacity is very low. (-20% MP)]
[You are very weak. (Str -4)]
[Potions are poor at restoring your health.]


Message History

There is an empty arch of ancient stone, spattered with blood here.
Your system partially rejects the healing.
You feel much better.
The spatial maelstrom barely misses you.
The spatial maelstrom hits you but does no damage.
The flayed ghost cries, "Suffer as I suffered!"
A starcursed mass splits.
Your system partially rejects the healing.
You feel much better. The spatial maelstrom misses you.
The spatial maelstrom hits you but does no damage.
Tentacles burst from the starspawn's body!
The starspawn tentacle misses you.
The wretched star pulses with an eldritch light!
Your vision blurs. x2; You feel clumsy. x2
The flayed ghost stares at you with tortured malice. 2 starspawn tentacles come into view.
The spatial maelstrom hits you!
* * * LOW HITPOINT WARNING * * *
You feel a strange sense of stasis. The spatial maelstrom hits you!
You die...

##### ....
##... # #..$#
... #.#W
#...###..## ##
#...v..###.###
#..@∩w#Λ....#
#..#.#v#VX\#. .
#. .v##X*X*#>#
. #
..#.#.XXX.<....
. # #.. .
#.Xw#XX>..# ..#
#. .#
##XX#.<...# . .
.#
#.w..w│.....#
#.
#..X#.X.#...#
##..##.##..#


You could see 11 starcursed masses, 2 tentacled starspawn, a spatial maelstrom,
a wretched star, a flayed ghost, 2 spatial vortices and 4 starspawn tentacles.

Vanquished Creatures
  Saint Roka (Orc:2)
  Nikola (Elf:3)
  Kirke (Lair:6)
  Donald (Orc:2)
  2 deep elf sorcerers (Elf:3)
  3 deep elf elementalists (Elf:3)
  2 deep elf demonologists (Elf:3)
  Azrael (Orc:1)
  A minotaur (Gauntlet)
  2 deep elf annihilators (Elf:3)
  5 deep elf death magi
  An ettin (Orc:1)
  A fire dragon (Lair:6)
  7 deep elf high priests
  Erolcha (Orc:2)
  A death knight (D:11)
  Erica (Orc:1)
  6 hydras
  15 two-headed ogres
  23 dancing weapons
  A queen ant (D:11)
  4 ogre magi (Orc:2)
  An orc high priest (Orc:1)
  13 deep elf knights
  A fire crab (Lair:6)
  Sonja (D:10)
  A deep troll (Orc:1)
  3 unseen horrors
  2 lindwurms (Lair:6)
  An orb spider (Lair:3)
  An obsidian statue (Gauntlet)
  10 deep elf archers
  3 orc knights
  4 oklob plants
  A cyclops (Orc:1)
  47 deep elf magi
  4 orc sorcerers
  2 wolf spiders (Lair:6)
  A worldbinder (Gauntlet)
  6 elephants
  4 torpor snails (Lair:6)
  Maurice (D:8)
  9 black mambas
  Psyche (D:8)
  14 spiny frogs
  2 rime drakes
  14 komodo dragons
  An ice devil (Gauntlet)
  A queen bee (D:9)
  9 polar bears (Lair:6)
  3 tyrant leeches (Lair:6)
  4 trolls
  6 hornets (Lair:6)
  2 raiju (Lair:6)
  8 hippogriffs
  10 blink frogs
  A dream sheep (Lair:2)
  2 air elementals
  A starcursed mass (Abyss:3)
  4 water elementals
  The ghost of smzp the Magician, an amateur DEIE (D:3)
  A hog (Lair:6)
  3 spriggans (Lair:2)
  A basilisk (Lair:6)
  16 yaks
  7 fire elementals
  12 soldier ants
  12 wargs
  An acid dragon (D:11)
  7 water moccasins
  16 hell hounds
  10 porcupines
  13 black bears
  A swamp drake (Lair:3)
  3 ice beasts
  3 sky beasts
  An eye of draining (D:10)
  37 ogres
  A phantom (D:8)
  17 orc warriors
  A boggart (Gauntlet)
  6 centaurs
  23 wolves
  3 big kobolds (D:11)
  15 crocodiles
  3 gnoll sergeants (D:11)
  2 earth elementals
  16 bullfrogs
  6 scorpions
  21 killer bees
  5 howler monkeys
  5 wights (D:10)
  An electric eel (Lair:3)
  5 centaur zombies
  4 bullfrog zombies
  4 crimson imps
  4 jellies
  8 hounds
  A quasit (D:8)
  12 orc priests
  Crazy Yiuf (D:6)
  25 orc wizards
  2 bullfrog skeletons (D:3)
  2 iguanas (Lair:3)
  37 worker ants
  2 killer bee zombies (Ossuary)
  2 hound zombies (Ossuary)
  14 mummies (Ossuary)
  2 worker ant zombies
  2 howler monkey zombies (Ossuary)
  9 gnolls
  4 adders
  3 howler monkey skeletons
  4 shadow imps
  2 white imps (Gauntlet)
  2 oozes (D:1)
  An adder zombie (D:5)
  5 adder skeletons
  2 worms (D:4)
  3 dart slugs
  9 leopard geckos
  58 orcs
  4 giant cockroaches
  11 goblins
  6 hobgoblins
  21 jackals
  3 quokkas
  2 ball pythons
  2 bats
  2 frilled lizards
  A jackal skeleton (D:7)
  2 jackal zombies
  4 kobolds
  A leopard gecko skeleton (D:4)
  A quokka skeleton (D:4)
  3 quokka zombies
  6 rats
  A spectral orc (D:6)
  5 crawling corpses
  9 plants
863 creatures vanquished.

Vanquished Creatures (collateral kills)
  A basilisk (Lair:3)
  2 fungi (Lair:3)
3 creatures vanquished.

Vanquished Creatures (others)
  6 humans (Lair:6)
  A crocodile (Lair:6)
  A demonic plant (Gauntlet)
  11 fungi
  37 plants
  9 starspawn tentacles (Abyss:3)
  2 withered plants (Ossuary)
67 creatures vanquished.

Grand Total: 933 creatures vanquished

Notes
Turn   | Place    | Note
-------+----------+-------------------------------------------
     0 | D:1      | Ponchio the Deep Elf Earth Elementalist began the quest for
                  | the Orb.
     0 | D:1      | Reached XP level 1. HP: 10/10 MP: 6/6
    98 | D:1      | Reached XP level 2. HP: 15/15 MP: 5/8
   446 | D:1      | Reached XP level 3. HP: 19/19 MP: 7/10
  1205 | D:2      | Reached skill level 4 in Spellcasting
  1437 | D:2      | Reached skill level 5 in Earth Magic
  1437 | D:2      | Reached XP level 4. HP: 24/24 MP: 9/12
  1856 | D:2      | Learned a level 2 spell: Passwall
  1860 | D:2      | Learned a level 3 spell: Stone Arrow
  1865 | D:2      | Learned a level 4 spell: Petrify
  2125 | D:3      | Found a runed translucent gate.
  2126 | D:3      | Found a runed translucent gate.
  2129 | D:3      | Found a runed translucent gate.
  2131 | D:3      | Noticed smzp's ghost (amateur DEIE)
  2921 | D:3      | Reached XP level 5. HP: 23/28 MP: 11/14
  3010 | D:3      | Reached skill level 5 in Spellcasting
  3238 | D:3      | Killed smzp's ghost
  3238 | D:3      | Reached XP level 6. HP: 27/32 MP: 10/16
  3460 | D:4      | Found a shattered altar of Ashenzari.
  3495 | D:4      | Reached skill level 6 in Spellcasting
  3556 | D:4      | Reached XP level 7. HP: 36/36 MP: 14/18
  3967 | D:4      | Learned a level 5 spell: Lee's Rapid Deconstruction
  3986 | D:4      | Found Baolulua's Book Shoppe.
  4356 | D:5      | Entered Level 5 of the Dungeon
  4445 | D:5      | Reached skill level 7 in Spellcasting
  4726 | D:5      | Reached XP level 8. HP: 41/41 MP: 16/21
  4882 | D:6      | Found a sand-covered staircase.
  5208 | D:6      | Reached skill level 8 in Spellcasting
  5312 | Ossuary  | Entered an ossuary
  5359 | Ossuary  | Reached skill level 10 in Earth Magic
  5585 | Ossuary  | Reached skill level 9 in Spellcasting
  5869 | D:6      | Found a staircase to the Ecumenical Temple.
  5874 | Temple   | Entered the Ecumenical Temple
  5943 | Temple   | Became a worshipper of Vehumet
  6019 | D:6      | Found a shadowy altar of Dithmenos.
  6225 | D:6      | Found a runed translucent door.
  6225 | D:6      | Noticed Crazy Yiuf
  6339 | D:6      | Found a basalt altar of Yredelemnul.
  6481 | D:6      | Killed Crazy Yiuf
  6529 | D:7      | Reached XP level 9. HP: 38/45 MP: 19/24
  6624 | D:7      | Reached skill level 1 in Fighting
  6926 | D:7      | Reached * piety under Vehumet
  6926 | D:7      | Offered knowledge of Magic Dart by Vehumet.
  7118 | D:7      | Reached skill level 5 in Dodging
  7425 | D:8      | Noticed a two-headed ogre
  7430 | D:8      | Killed a two-headed ogre
  7430 | D:8      | Reached skill level 5 in Fighting
  7516 | D:8      | Noticed a two-headed ogre
  7525 | D:8      | Killed a two-headed ogre
  7525 | D:8      | Reached XP level 10. HP: 60/60 MP: 14/25
  7758 | D:8      | Noticed Maurice
  7759 | D:8      | Paralysed by Maurice for 2 turns
  7770 | D:8      | Killed Maurice
  8063 | D:8      | Noticed Psyche
  8065 | D:8      | Killed Psyche
  8806 | D:9      | Reached ** piety under Vehumet
  8809 | D:9      | Offered knowledge of Freeze by Vehumet.
  9103 | D:9      | Found a blossoming altar of Fedhas.
  9106 | D:9      | Noticed an oklob plant
  9106 | D:9      | Noticed an oklob plant
  9251 | D:9      | Reached skill level 10 in Spellcasting
  9254 | D:9      | Noticed a two-headed ogre
  9265 | D:9      | Killed a two-headed ogre
  9576 | D:9      | Reached XP level 11. HP: 68/68 MP: 27/27
  9993 | D:9      | Killed an oklob plant
 10272 | D:9      | Killed an oklob plant
 10539 | D:10     | Entered Level 10 of the Dungeon
 10608 | D:10     | Killed an unseen horror
 11112 | D:10     | Noticed Sonja
 11114 | D:10     | Killed Sonja
 11306 | D:10     | Killed an unseen horror
 11306 | D:10     | Reached skill level 11 in Spellcasting
 11950 | D:11     | Killed an unseen horror
 11958 | D:11     | Offered knowledge of Dazzling Spray by Vehumet.
 12091 | D:11     | Reached *** piety under Vehumet
 12353 | D:11     | Offered knowledge of Airstrike by Vehumet.
 12844 | D:11     | Reached skill level 10 in Dodging
 12919 | D:11     | Noticed a death knight
 13203 | D:11     | Noticed a queen ant
 13217 | D:11     | Reached **** piety under Vehumet
 13235 | D:11     | Killed a queen ant
 13920 | D:11     | Killed a death knight
 13920 | D:11     | Reached XP level 12. HP: 18/77 MP: 15/29
 14402 | D:11     | Found a staircase to the Orcish Mines.
 14409 | D:11     | Reached skill level 1 in Conjurations
 14409 | D:11     | Offered knowledge of Yara's Violent Unravelling by Vehumet.
 14411 | D:11     | Reached skill level 12 in Spellcasting
 14542 | D:11     | Found a staircase to the Lair.
 14585 | Lair:1   | Entered Level 1 of the Lair of Beasts
 14998 | Lair:1   | Reached skill level 13 in Spellcasting
 15041 | Lair:1   | Noticed a five-headed hydra
 15048 | Lair:1   | Killed a five-headed hydra
 15663 | Lair:2   | Reached skill level 14 in Spellcasting
 15917 | Lair:2   | Found a hide-covered altar of Uskayaw.
 16307 | Lair:2   | Reached ***** piety under Vehumet
 16381 | Lair:2   | Noticed a five-headed hydra
 16383 | Lair:2   | Reached skill level 15 in Spellcasting
 16384 | Lair:2   | Offered knowledge of Bolt of Fire by Vehumet.
 16384 | Lair:2   | Killed a five-headed hydra
 17085 | D:4      | Bought Uryryem's Compendium of Translocation and Flames for
                  | 822 gold pieces
 17091 | D:4      | Learned a level 5 spell: Fireball
 17324 | Lair:3   | Noticed a seven-headed hydra
 17329 | Lair:3   | Killed a seven-headed hydra
 17329 | Lair:3   | Reached skill level 1 in Fire Magic
 17771 | Lair:3   | Reached XP level 13. HP: 81/81 MP: 26/34
 17863 | Lair:3   | Reached skill level 5 in Conjurations
 18011 | Lair:3   | Found a hole to the Spider Nest.
 18092 | Lair:3   | Found a staircase to the Swamp.
 19058 | Lair:4   | Reached skill level 5 in Fire Magic
 19088 | Lair:4   | Found a gate leading to a gauntlet.
 19111 | Gauntlet | Entered a Gauntlet
 19111 | Gauntlet | Found a transporter.
 19111 | Gauntlet | Found a transporter.
 19222 | Gauntlet | Found a transporter.
 19240 | Gauntlet | Found a transporter.
 19276 | Gauntlet | Found a transporter.
 19307 | Gauntlet | Found a transporter.
 19316 | Gauntlet | Found a transporter.
 19318 | Gauntlet | Found a transporter.
 19330 | Gauntlet | Found a transporter.
 19388 | Gauntlet | Found a transporter.
 19398 | Gauntlet | Found a transporter.
 19420 | Gauntlet | Found a transporter.
 19432 | Gauntlet | Found a transporter.
 19482 | Gauntlet | Found a transporter.
 19504 | Gauntlet | Found a transporter.
 19668 | Gauntlet | Found a transporter.
 19899 | Gauntlet | Got a smoking emerald amulet
 19977 | Gauntlet | Identified the amulet of Wecw {Inacc *Drain +Blink MR-
                  | SInv} (You found it in a Gauntlet)
 19999 | Gauntlet | Got a steaming pewter ring
 20003 | Gauntlet | Identified the ring of Ynol {rN+ AC+2 Str-3 Dex+2 Stlth+}
                  | (You found it in a Gauntlet)
 20051 | Gauntlet | Noticed a minotaur
 20056 | Gauntlet | Killed a minotaur
 20186 | Gauntlet | Identified Sif Muna's Compendium of Unstable Curses
 20188 | Gauntlet | Got a faintly glowing hunting sling
 20197 | Gauntlet | Identified the +8 hunting sling of Resourcefulness
                  | {velocity, -Tele +Inv rC- Int+10} (You found it in a
                  | Gauntlet)
 21225 | Lair:4   | Learned a level 6 spell: Statue Form
 21903 | Lair:4   | Reached skill level 5 in Transmutations
 22746 | Lair:5   | You fall into a shaft and drop 1 floor!
 22746 | Lair:6   | Entered Level 6 of the Lair of Beasts
 22746 | Lair:6   | Found a staircase to the Slime Pits.
 23037 | Lair:6   | Found a runed translucent door.
 23038 | Lair:6   | Noticed a fire dragon
 23220 | Lair:6   | Reached XP level 14. HP: 87/87 MP: 29/35
 23389 | Lair:6   | Noticed Kirke
 23394 | Lair:6   | Killed Kirke
 23849 | Lair:5   | Got a warped scale mail
 23987 | Lair:5   | Got a faintly glowing lapis lazuli ring
 23993 | Lair:5   | Identified the ring of Omeng {*Drain +Blink rCorr Int+3}
                  | (You found it on level 5 of the Lair of Beasts)
 25038 | Lair:6   | Reached skill level 10 in Conjurations
 25791 | Lair:6   | Reached skill level 10 in Fire Magic
 25801 | Lair:6   | Got an ominously black robe
 26330 | Lair:6   | Identified the +1 robe of Theory {*Slow rPois rN+ Int+4}
                  | (You found it on level 6 of the Lair of Beasts)
 27049 | Lair:6   | Offered knowledge of Ozocubu's Refrigeration by Vehumet.
 27537 | Orc:1    | Entered Level 1 of the Orcish Mines
 27542 | Orc:1    | Noticed Erica
 27547 | Orc:1    | Killed Erica
 27727 | Orc:2    | Entered Level 2 of the Orcish Mines
 27727 | Orc:2    | Noticed Azrael
 27740 | Orc:1    | Killed Azrael
 28074 | Orc:2    | Noticed Erolcha
 28080 | Orc:2    | Killed Erolcha
 28080 | Orc:2    | Noticed Saint Roka
 29379 | Orc:1    | Learned a level 8 spell: Ignition
 29646 | Orc:2    | Killed Saint Roka
 29646 | Orc:2    | Reached skill level 16 in Spellcasting
 29646 | Orc:2    | Reached XP level 15. HP: 59/92 MP: 12/37
 29820 | Orc:2    | Offered knowledge of Bolt of Magma by Vehumet.
 31307 | Orc:2    | Found Hilef's Gadget Shoppe.
 31307 | Orc:2    | Found Oqourgh Jana's Armour Boutique.
 31307 | Orc:2    | Found Wyonlu's Food Shop.
 31307 | Orc:2    | Found Zesihufo's Book Shoppe.
 31339 | Orc:2    | Noticed Donald
 31347 | Orc:2    | Killed Donald
 31471 | Orc:2    | Found a staircase to the Elven Halls.
 31536 | Orc:2    | Bought a book of the Earth for 715 gold pieces
 31544 | Orc:2    | Learned a level 6 spell: Iron Shot
 31550 | Orc:2    | Bought the +1 cloak of Knowledge {Str+2} for 289 gold
                  | pieces
 31550 | Orc:2    | Bought a +0 helmet of see invisible for 161 gold pieces
 31602 | Elf:1    | Entered Level 1 of the Elven Halls
 32458 | Elf:1    | Reached ****** piety under Vehumet
 32541 | Elf:1    | Offered knowledge of Irradiate by Vehumet.
 32650 | Elf:1    | Identified the +4 robe of Paranoia {rCorr Int+3}
 32756 | Elf:1    | Found a runed translucent gate.
 32756 | Elf:1    | Found a runed translucent gate.
 32756 | Elf:1    | Found a runed translucent gate.
 32756 | Elf:1    | Found a runed translucent gate.
 32756 | Elf:1    | Found a runed translucent gate.
 32757 | Elf:1    | Noticed a shadow dragon
 32757 | Elf:1    | Noticed a storm dragon
 32759 | Elf:1    | Found a runed translucent gate.
 32825 | Elf:1    | Reached XP level 16. HP: 96/96 MP: 38/38
 32991 | Elf:1    | Got a thick robe
 33109 | Elf:1    | Identified the +2 robe of the Inquisitive Tables {rCorr}
                  | (You found it on level 1 of the Elven Halls)
 33354 | Elf:2    | Reached skill level 15 in Fire Magic
 33806 | Elf:2    | Found Anekelal's Book Shoppe.
 34010 | Elf:2    | Found a runed translucent gate.
 34010 | Elf:2    | Found a runed translucent gate.
 34010 | Elf:2    | Found a runed translucent gate.
 35071 | Elf:3    | Entered Level 3 of the Elven Halls
 35090 | Elf:3    | Offered knowledge of Conjure Ball Lightning by Vehumet.
 35100 | Elf:3    | Reached skill level 17 in Spellcasting
 35332 | Elf:3    | Found a flickering gateway to a bazaar.
 35343 | Bazaar   | Entered a bazaar
 35343 | Bazaar   | Found Mingau's Jewellery Boutique.
 35343 | Bazaar   | Found Gura's Assorted Antiques.
 35343 | Bazaar   | Found Kaocwirr's Magic Scroll Shop.
 35346 | Bazaar   | Found Tuwn's Armour Emporium.
 35346 | Bazaar   | Found Maacap's Weapon Shop.
 35410 | Bazaar   | Bought a scroll of teleportation for 54 gold pieces
 35410 | Bazaar   | Bought a scroll of teleportation for 54 gold pieces
 35410 | Bazaar   | Bought a scroll of identify for 36 gold pieces
 35410 | Bazaar   | Bought a scroll of identify for 36 gold pieces
 35410 | Bazaar   | Bought a scroll of identify for 36 gold pieces
 35439 | Elf:3    | Noticed Nikola
 35446 | Elf:3    | Killed Nikola
 36347 | Elf:3    | Reached XP level 17. HP: 101/101 MP: 38/40
 36741 | Elf:3    | Cast into level 3 of the Abyss (a deep elf sorcerer)
 36748 | Abyss:3  | Got an abyssal rune of Zot
 36753 | Abyss:3  | Paralysed by accursed screaming for 1 turns
 36772 | Abyss:3  | Slain by a spatial maelstrom

Levels and vault maps discovered:
D:1:      minmay_arrival_cross, layout_loops_corners,
          hangedman_decor_clover_reticule
D:2:      layout_loops_corners, first_ration
D:3:      layout_basic, gammafunk_ghost_necromancy, lemuel_statue_altar
D:4:      layout_loops_ring, serial_shops, shop, ashenzari_altar_1
D:5:      layout_cave_pools
D:6:      layout_rooms, yredelemnul_forgotten_temple_becter,
          minmay_temple_entry_junction, enter_ossuary_1, minivault_22,
          grunt_dithmenos_smoke, uniq_crazy_yiuf_cottage
D:7:      layout_loops_ring
D:8:      layout_basic, uniq_maurice, uniq_psyche
D:9:      layout_irregular_city, david_nohive_1, hangedman_tree_tricks
D:10:     layout_gridville, minmay_curled_crystal, uniq_sonja
D:11:     layout_cave_pools, grunt_lair_entry_orc_guard_hut,
          kennysheep_orc_monster_closet_entryway, zaba_anthell
Temple:   compressed_dpeg_circular_temple
Lair:1:   layout_regular_city, lemuel_fruit_fields, grunt_megastairs_4
Lair:2:   wad_woods_stonehenge, layout_chaotic_city,
          chequers_serial_rivers_large_a, grunt_forest_large_clearing_hut
Lair:3:   layout_cave_pods, minmay_swamp_entry_reptiles,
          nicolae_spider_entry_orb_guardian, serial_bayou_pond_c,
          beast_lair_carwin_5, serial_bayou_shore_a
Lair:4:   cheibrodos_lair_river_kwai, layout_cave_pods, enter_volcano_3,
          gauntlet_entry_generic
Lair:5:   layout_big_grid, minivault_25, grunt_megastairs_1,
          infiniplex_staircase_pool_2, minmay_lair_oklob_chamber,
          lemuel_fruit_tree
Lair:6:   wormcave, layout_hall_layers, hangedman_lair_caniforms_friends,
          slime_dummy, minivault_23, st_stairs_11, uniq_kirke
Orc:1:    layout_caves, guppyfry_orc_lava_fort, uniq_erica
Orc:2:    st_orc_ogre_mass, layout_caves, uniq_azrael, uniq_saint_roka,
          uniq_erolcha, uniq_donald
Elf:1:    eino_elf_arrival_shootout, layout_geoelf_octagon, orc_legates
Elf:2:    layout_geoelf_grid, serial_shops, shop_fountains
Elf:3:    minmay_elf_hall_statues, layout_loops_cross, serial_shops,
          bzr_entry_water, uniq_nikola
Abyss:3:  base: Depths:1, nicolae_abyss_rune_star_stuff, hangedman_decor_lopped,
          hangedman_stitches_earthworm

Skill      XL: |  1  2  3  4  5  6  7  8  9 10 11 12 13 14 15 16 |
---------------+-------------------------------------------------+-----
Earth Magic    | 4 5 6 7 9 10 11 12 13 14 | 14.5
Spellcasting   | 4 5 6 7 9 10 11 15 16 17 | 17.6
Fighting       | 5 8 9 |  9.7
Dodging        | 6 8 10 12 | 12.5
Conjurations   | 4 8 11 13 | 13.1
Fire Magic     | 3 8 11 14 15 | 15.5
Transmutations | 6 |  6.4
Stealth        | |  2.4

Action                   |  1- 3 |  4- 6 |  7- 9 | 10-12 | 13-15 | 16-18 || total
-------------------------+-------+-------+-------+-------+-------+-------++-------
Melee: Dagger            |    11 |    13 |    24 |    46 |       |       ||    94
       Staff             |       |       |       |       |     5 |       ||     5
 Fire: Hunting sling     |       |       |       |       |     3 |     2 ||     5
 Cast: Sandblast         |    48 |    39 |   150 |    90 |    54 |       ||   381
       Lee's Rapid Decon |       |       |    13 |    68 |   197 |    41 ||   319
       Stone Arrow       |       |       |     4 |   245 |   304 |    17 ||   570
       Petrify           |       |       |       |     5 |     3 |       ||     8
       Fireball          |       |       |       |     2 |   126 |    24 ||   152
       Statue Form       |       |       |       |       |    10 |       ||    10
       Iron Shot         |       |       |       |       |     3 |    59 ||    62
       Ignition          |       |       |       |       |     1 |     2 ||     3
Evoke: Wand              |       |       |       |     1 |     4 |       ||     5
  Use: Scroll            |       |     9 |     7 |    11 |     9 |     3 ||    39
       Potion            |       |       |       |     3 |     2 |     5 ||    10
 Stab: Sleeping          |     2 |     1 |     1 |       |       |       ||     4
  Eat: Chunk             |     1 |     3 |     6 |    22 |    29 |     4 ||    65
       Ration            |       |     1 |     2 |     5 |     5 |     2 ||    15
Armor: Robe              |     5 |     5 |     8 |    20 |    27 |     3 ||    68
       Skin              |       |       |       |       |    90 |       ||    90
Dodge: Dodged            |    12 |    14 |    65 |   118 |   325 |    21 ||   555
